 Dungeon Crawl Stone Soup version 0.31-a0-237-g2d982f9f85 (webtiles) character file.

Game seed: 16154283758102020712

121 qw the Shooter (level 4, 0/37 HPs)
             Began as a Minotaur Hexslinger on July 10, 2023.
             Slain by an orc wizard
             ... wielding a +2 dagger of venom
              (2 damage)
             ... on level 3 of the Dungeon.
             The game lasted 00:00:48 (2082 turns).

qw the Shooter (Minotaur Hexslinger)                Turns: 2082, Time: 00:00:48

Health: 0/37       AC:  4    Str: 10 (12) XL:     4   Next: 77%
Magic:  4/4        EV: 12    Int: 10      God:
Gold:   145        SH:  0    Dex: 15      Spells: 4/5 levels left

rFire   . . .        Y - +1 sling
rCold   . . .        (no shield)
rNeg    . . .        b - +0 leather armour
rPois   .            (helmet restricted)
rElec   .            (no cloak)
rCorr   .            a - +0 pair of gloves
SInv    .            (no boots)
Will    .....        d - amulet of reflection
Stlth   +            (no ring)
HPRegen 0.26/turn    (no ring)
MPRegen 0.09/turn

%: reflection
@: confused, lethally poisoned (0 -> -12)
A: horns 2, retaliatory headbutt
a: no special abilities


You were on level 3 of the Dungeon.
You visited 1 branch of the dungeon, and saw 4 of its levels.

You collected 145 gold pieces.


Innate Abilities, Weirdness & Mutations

You have a pair of horns on your head.
You reflexively headbutt those who attack you in melee.


   Skills:
 + Level 2.8 Fighting
 - Level 5.0 Ranged Weapons
 - Level 2.1 Dodging
 - Level 1.0 Spellcasting
 - Level 2.0 Hexes


You had 4 spell levels left.
You knew the following spells:

 Your Spells              Type           Power      Damage    Failure   Level
a - Slow                  Hex            16%        N/A       21%         1

Your spell library contained the following spells:

 Spells                   Type           Power      Damage    Failure   Level
 Inner Flame              Hex/Fire       2%         N/A       67%         3
 Portal Projectile        Hex/Tloc       4%         N/A       67%         3
 Cause Fear               Hex            2%         N/A       90%         4

Inventory:

Hand Weapons
 Y - a +1 sling (weapon)
Armour
 a - a +0 pair of gloves (worn)
 b - a +0 leather armour (worn)
Jewellery
 d - an amulet of reflection (around neck)
Scrolls
 e - a scroll of identify
 k - a scroll of teleportation
Potions
 i - a potion of might {unknown}
 j - a potion of lignification {unknown}
 l - a potion of mutation {unknown}

Dungeon Overview and Level Annotations

Branches:
Dungeon (4/15)
 Temple: D:4-7

Altars:
Wu Jian

Shops:
D:1 (


Message History

Enter note:
Enter note:
Enter note:
Enter note:
Enter note: You start resting.
You feel sick. Something hits you.
You are more poisoned.
Deactivating autopickup; reactivate with Ctrl-A.
Autopickup is now on.
You start resting.
You feel very sick. Something hits you but does no damage.
You are lethally poisoned!
Deactivating autopickup; reactivate with Ctrl-A.
Autopickup is now on.
2078 ||| DRINKING potion of curing.
You feel better.
2078 ||| (to cure poison)
Something hits you.
You are poisoned.
Deactivating autopickup; reactivate with Ctrl-A.
Autopickup is now on.
You start resting.
You feel very sick.
You hear some strange, mumbled words.
Deactivating autopickup; reactivate with Ctrl-A.
You are confused.
Autopickup is now on.
You feel sick. Something hits you but does no damage.
You are lethally poisoned!
Deactivating autopickup; reactivate with Ctrl-A.
Autopickup is now on.
You feel very sick. Something hits you.
You are more poisoned.
Deactivating autopickup; reactivate with Ctrl-A.
Autopickup is now on.
You feel very sick. Something hits you.
You die...

#.##........)# #.# ####
#.##........## #.#
#..........## #.#
###.#.#...## #.# #.###...##
#.# #..#.#..# #.#
######.#.##..#### #.#
##..............<#########.##
................@...........#
##.####.###.#.............#.#
#...###.# #.#.......#####.#.#
..#.....###.##...#..# ##.#.#
....##.......##.##..####....#
.#.###.##...................#
.#.###.##.#.#.......###.....#
..........#.#.......# #<#.#.#
.#..................# #.#.#.#


There were no monsters in sight!

Vanquished Creatures
  An orc wizard (D:4)
  4 adders
  A worm (D:3)
  4 dart slugs (D:1)
  2 orcs
  3 endoplasms
  A giant cockroach (D:2)
  7 goblins
  2 hobgoblins (D:2)
  3 quokkas
  5 ball pythons
  4 bats
  4 frilled lizards
  3 kobolds
  6 rats
50 creatures vanquished.

Notes
Turn   | Place    | Note
-------+----------+-------------------------------------------
     0 | D:1      | qw the Minotaur Hexslinger began the quest for the Orb.
     0 | D:1      | Reached XP level 1. HP: 16/16 MP: 1/1
     0 | D:1      | 0 ||| qw: Version: 0.3-a-52-g30416fa
     0 | D:1      | 0 ||| qw: Game counter: 5183
     0 | D:1      | 0 ||| qw: Melee chars always use a shield: true
     0 | D:1      | 0 ||| qw: God list: Okawaru
     0 | D:1      | 0 ||| qw: Allow faded altars: false
     0 | D:1      | 0 ||| qw: Do Orc after clearing Dungeon:15 true
     0 | D:1      | 0 ||| qw: Do second Lair branch before Depths: true
     0 | D:1      | 0 ||| qw: Lair rune preference: random
     0 | D:1      | 0 ||| qw: Goals: Normal
     0 | D:1      | 0 ||| PLANNING D:1-11
     9 | D:1      | 9 ||| FLEEEEING.
    10 | D:1      | 10 ||| FLEEEEING.
    11 | D:1      | 11 ||| FLEEEEING.
    12 | D:1      | 12 ||| FLEEEEING.
    56 | D:1      | Reached skill level 3 in Ranged Weapons
    57 | D:1      | Reached XP level 2. HP: 19/23 MP: 2/2
    59 | D:1      | 59 ||| FLEEEEING.
    60 | D:1      | 60 ||| FLEEEEING.
    61 | D:1      | 61 ||| FLEEEEING.
    62 | D:1      | 62 ||| FLEEEEING.
    63 | D:1      | 63 ||| FLEEEEING.
    89 | D:1      | Found a faded altar of an unknown god.
   107 | D:1      | 107 ||| FLEEEEING.
   108 | D:1      | 108 ||| FLEEEEING.
   215 | D:1      | Found Beod's Weapon Shop.
   635 | D:1      | Reached XP level 3. HP: 29/29 MP: 3/3
   650 | D:1      | 650 ||| UPGRADING to amulet of regeneration.
   655 | D:1      | 655 ||| READING scroll labelled TAMYS GOIK.
   656 | D:1      | 656 ||| READING 2 scrolls labelled SEUFEYVVEM.
   657 | D:1      | 657 ||| READING scroll labelled MOWAGY EKIBAA.
   658 | D:1      | 658 ||| READING 2 scrolls labelled DYTOUF HAVYHU.
   661 | D:1      | 661 ||| DROPPING scroll of poison.
   821 | D:2      | Found an ornate altar of the Wu Jian Council.
   854 | D:2      | Reached skill level 4 in Ranged Weapons
  1288 | D:2      | Reached XP level 4. HP: 36/36 MP: 4/4
  1464 | D:2      | 1464 ||| UPGRADING to +0 pair of gloves.
  1469 | D:2      | 1469 ||| READING scroll labelled ALUMOLAINKE.
  1470 | D:2      | 1470 ||| READING scroll labelled SULLADGHOCEG.
  1471 | D:2      | 1471 ||| DRINKING 2 brown potions.
  1472 | D:2      | 1472 ||| DROPPING potion of degeneration.
  1876 | D:3      | Reached skill level 5 in Ranged Weapons
  2010 | D:3      | 2010 ||| UPGRADING to +0 leather armour.
  2020 | D:3      | 2020 ||| DROPPING +0 robe.
  2021 | D:3      | 2021 ||| UPGRADING to amulet of reflection.
  2031 | D:3      | 2031 ||| DROPPING amulet of regeneration.
  2032 | D:3      | 2032 ||| READING 2 scrolls of identify.
  2032 | D:3      | 2032 ||| IDENTIFYING fizzy grey potion
  2056 | D:4      | 2056 ||| Stepping ~*~*~tactically~*~*~ (outnumbered).
  2072 | D:4      | 2072 ||| FLEEEEING.
  2073 | D:4      | 2073 ||| FLEEEEING.
  2074 | D:4      | 2074 ||| STAIRDANCE
  2078 | D:3      | 2078 ||| DRINKING potion of curing.
  2078 | D:3      | 2078 ||| (to cure poison)
  2081 | D:3      | HP: 7/37 [poisoned by an orc wizard]
  2082 | D:3      | HP: 2/37 [poisoned by an orc wizard]
  2082 | D:3      | Slain by an orc wizard

Levels and vault maps discovered:
D:1:      scummos_arrival_hexagon, layout_loops_ring, serial_shops, shop,
          basic_ecumenical_altar, minmay_hexomino_f4
D:2:      minmay_chambers_of_ones, layout_basic, basic_altar
D:3:      layout_loops_ring
D:4:      layout_loops_ring, mainiacjoe_overflow_alcove_4, grunt_ministairs_5,
          chequers_arboretum

Skill      XL: |  1  2  3  4 |
---------------+-------------+-----
Ranged Weapons | 3 4 5 |  5.0
Fighting       | 2 |  2.8
Dodging        | |  2.1
Spellcasting   | |  1.0
Hexes          | |  2.0

Action                     |  1- 3 |  4- 6 || total
---------------------------+-------+-------++-------
   Fire: Sling             |   104 |    50 ||   154
    Use: Scroll            |     4 |     3 ||     7
         Potion            |       |     2 ||     2
 Armour: Robe              |     6 |     1 ||     7
         Leather armour    |       |     6 ||     6
  Dodge: Dodged            |    26 |    11 ||    37

Table legend:
 A = Non-vault XP
 B = Vault XP
 C = Vault XP percentage of total XP
 D = Non-vault monster count
 E = Vault monster count
 F = Vault count percentage of total count
                 A         B        C        D         E       F
            +---------+---------+-------+---------+---------+-------
      Total |      98 |      76 |  43.7 |      39 |      11 |  22.0
            +---------+---------+-------+---------+---------+-------
        D:1 |      35 |       7 |  16.7 |      18 |       4 |  18.2
        D:2 |      36 |      31 |  46.3 |      14 |       5 |  26.3
        D:3 |      27 |       0 |   0.0 |       7 |       0 |   0.0
        D:4 |       0 |      38 | 100.0 |       0 |       2 | 100.0
            +---------+---------+-------+---------+---------+-------
